Map: Ascension to Aiur LE

Players

eXile

  • Race: Zerg Zerg
  • League: Platinum
  • Spawn Location: 5:00

ObiWanKanoli - Winner!

  • Race: Zerg Zerg
  • League: Diamond
  • Spawn Location: 11:00

VOD

Have the link to the VOD?

Description

Time

  • Played on: Sept. 19, 2017, 7:06 a.m.
  • Length: 11:01
Show
View Real Time Build Order
Export as new Build Order

eXile Zerg 

Build Orders: Hatch First, Muta Ling Bane 

Get SALT Encoding   

  12  0:02  Drone  
  13  0:13  Overlord  
  13  0:19  Drone  
  14  0:33  Drone x2  
  16  0:38  Drone  
  17  0:55  Hatchery  
  16  0:57  Drone  
  16  1:00  Extractor  
  16  1:03  Drone  
  17  1:18  Spawning Pool  
  17  1:23  Drone  
  17  1:24  Drone  
  18  1:34  Drone  
  19  1:40  Overlord  
  19  2:05  Metabolic Boost  
  19  2:07  Zergling x4  
  19  2:08  Queen  
  23  2:12  Queen  
  25  2:18  Zergling x2  
  25  2:22  Evolution Chamber  
  25  2:32  Drone  
  26  2:40  Drone x2  
  26  2:41  Drone x2  
  30  2:49  Queen  
  32  2:57  Zerg Melee Weapons Level 1  
  32  3:10  Drone x4  
  36  3:16  Overlord  
  36  3:35  Hatchery  
  35  3:59  Drone x6  
  35  4:00  Drone  
  35  4:01  Zergling x4  
  44  4:03  Overlord x2  
  44  4:22  Zergling x12  
  50  4:34  Zergling x6  
  52  4:43  Baneling Nest  
  51  4:49  Evolution Chamber  
  51  4:50  Spine Crawler  
  49  4:53  Evolution Chamber  
  48  5:02  Zergling x12  
  37  5:31  Drone x3  
  37  5:32  Drone x2  
  42  5:39  Zerg Ground Armor Level 1  
  42  5:41  Lair  
  42  5:43  Extractor, Queen  
  43  5:55  Zergling x12  
  43  5:56  Zergling x6  
  52  6:17  Zergling x2  
  52  6:18  Zergling x14  
  59  6:40  Zerg Melee Weapons Level 2  
  59  6:43  Drone x3  
  59  6:44  Drone x4  
  66  6:48  Spire, Overlord  
  66  6:49  Overlord x2  
  66  6:51  Extractor x2  
  66  6:52  Queen  
  60  7:23  Zergling x10  
  60  7:24  Drone x5  
  60  7:25  Drone x2  
  60  7:27  Queen  
  60  7:29  Baneling x3  
  73  7:30  Baneling  
  73  7:32  Centrifical Hooks  
  73  7:53  Roach Warren  
  73  7:58  Drone x5  
  74  7:59  Drone x6  
  74  8:05  Zerg Flyer Weapons Level 1  
  83  8:08  Zerg Ground Armor Level 2  
  83  8:19  Spine Crawler  
  82  8:23  Spine Crawler  
  82  8:25  Zergling x14  
  82  8:26  Zergling x2  
  89  8:34  Overlord x3  
  89  8:47  Overlord  
  89  8:51  Extractor x2  
  87  9:04  Mutalisk x5  
  87  9:05  Mutalisk x2  
  101  9:23  Zergling x2  
  101  9:24  Zergling x14  
  105  9:25  Zergling x4  
  111  9:37  Baneling x7  
  111  9:38  Baneling x2  
  110  9:48  Zergling x8  
  110  9:49  Roach x2  
  112  9:55  Overlord x2  
  112  9:56  Overlord  
  110  10:28  Roach x7  
  93  10:29  Roach x5  
  83  10:43  Zergling x8  
Show
View Real Time Build Order
Export as new Build Order

ObiWanKanoli Zerg - Winner!

Build Orders: Hatch First, Zergling Baneling 

Get SALT Encoding   

  12  0:01  Drone  
  13  0:13  Overlord  
  13  0:20  Drone  
  14  0:32  Drone x2  
  16  0:36  Drone  
  17  0:46  Drone  
  18  0:56  Hatchery  
  17  0:59  Drone  
  18  1:12  Spawning Pool  
  18  1:16  Drone  
  18  1:20  Drone  
  19  1:25  Extractor  
  19  1:29  Drone  
  19  1:42  Drone  
  20  1:51  Overlord  
  20  2:01  Zergling x2  
  20  2:07  Queen  
  20  2:08  Queen  
  23  2:10  Drone  
  23  2:13  Drone  
  27  2:19  Drone  
  28  2:25  Drone  
  29  2:32  Drone  
  30  2:38  Drone  
  30  2:42  Drone  
  30  2:43  Queen  
  30  2:44  Queen  
  34  2:48  Overlord  
  36  2:52  Metabolic Boost  
  36  2:57  Baneling Nest  
  36  2:58  Drone  
  36  3:07  Drone  
  36  3:08  Drone x2  
  39  3:14  Overlord  
  39  3:17  Drone x3  
  39  3:18  Drone  
  43  3:20  Drone  
  44  3:28  Overlord x2  
  44  3:35  Zergling x4  
  44  3:36  Zergling x2  
  44  3:40  Zergling x2  
  48  3:47  Zergling x2  
  49  3:51  Zergling x2  
  49  3:53  Zergling x4  
  49  3:54  Zergling x2  
  53  3:58  Drone  
  53  4:00  Zergling x2  
  53  4:01  Zergling x2  
  56  4:05  Drone  
  56  4:06  Zergling x2  
  58  4:10  Zergling x2  
  58  4:15  Hatchery  
  58  4:18  Roach Warren  
  57  4:24  Drone  
  57  4:25  Drone  
  57  4:30  Extractor  
  57  4:31  Extractor  
  57  4:33  Drone  
  57  4:34  Drone x2  
  60  4:40  Drone x4  
  60  4:42  Baneling x8  
  60  4:43  Baneling  
  60  4:44  Drone  
  65  4:50  Drone  
  66  4:58  Drone x2  
  68  5:02  Overlord  
  68  5:03  Overlord x2  
  68  5:04  Extractor  
  67  5:08  Evolution Chamber  
  56  5:30  Drone x4  
  56  5:31  Roach x2  
  56  5:32  Roach x2  
  66  5:40  Roach x2  
  70  5:43  Roach  
  70  5:49  Zerg Missile Weapons Level 1  
  72  5:51  Roach x2  
  72  5:52  Evolution Chamber  
  72  5:53  Lair  
  72  5:54  Roach  
  77  5:58  Baneling x4  
  77  5:59  Roach  
  77  6:02  Roach  
  83  6:04  Roach  
  83  6:09  Drone  
  84  6:14  Drone  
  84  6:15  Drone  
  84  6:17  Drone  
  87  6:19  Drone x2  
  87  6:20  Drone  
  87  6:21  Drone  
  88  6:35  Drone x3  
  88  6:36  Queen  
  93  6:41  Drone  
  93  6:42  Roach  
  96  6:47  Zerg Ground Armor Level 1  
  96  6:51  Roach  
  96  6:52  Glial Reconstitution  
  98  6:56  Overlord x3  
  98  6:57  Hydralisk Den  
  98  7:01  Drone  
  98  7:09  Drone  
  90  7:19  Drone x4  
  94  7:27  Drone  
  95  7:32  Drone x2  
  95  7:36  Ravager x5  
  102  7:38  Drone x2  
  102  7:39  Drone x3  
  102  7:40  Drone x3  
  110  7:45  Spore Crawler  
  110  7:47  Spore Crawler  
  108  7:51  Spore Crawler  
  108  7:52  Muscular Augments  
  108  7:53  Roach x6  
  119  8:00  Roach  
  121  8:06  Overlord x5  
  121  8:14  Zerg Missile Weapons Level 2  
  121  8:25  Hydralisk, Extractor  
  121  8:26  Hydralisk x4  
  121  8:27  Extractor  
  129  8:32  Hydralisk  
  129  8:33  Hydralisk  
  133  8:39  Hydralisk  
  133  8:40  Hydralisk  
  137  8:42  Hydralisk x2  
  137  8:46  Zergling x8  
  145  8:49  Zergling x2  
  145  8:50  Zergling x2  
  145  8:55  Drone  
  148  8:59  Zergling x2  
  148  9:02  Zergling x4  
  151  9:11  Zergling x2  
  151  9:12  Zergling x6  
  151  9:15  Zergling x4  
  157  9:19  Zergling x2  
  157  9:22  Hydralisk  
  160  9:25  Overlord  
  160  9:26  Overlord  
  160  9:27  Hatchery  
  160  9:28  Overseer  
  160  9:29  Hydralisk  
  157  9:46  Zergling x4  
  157  9:49  Hydralisk x3  
  159  9:53  Hydralisk x5  
  159  9:56  Baneling x4  
  169  10:07  Hydralisk x3  
  169  10:09  Hydralisk  
  133  10:33  Hydralisk x3  
  133  10:34  Hydralisk x5  
Tags
 
Add a new tag
Caveats
  • Supply blocks, unpowered buildings, or Contaminate may cause inaccurate times.
  • Supply counts are checked every 10 seconds.